Map: [ESL] Inside and Out

Players

Harstem - Winner!

  • Race: Protoss Protoss
  • Spawn Location: 7:00

NightPhoenix

  • Race: Protoss Protoss
  • Spawn Location: 1:00

Event: DreamHack SC2 Masters 2022 Atlanta (Online)

VOD

Have the link to the VOD?

Description

Time

  • Played on: Oct. 1, 2022, 11:05 a.m.
  • Length: 10:37

All games in this series

Show
View Real Time Build Order
Export as new Build Order

Harstem Protoss - Winner!

Build Orders: Phoenix Opening, Blink Stalkers 

Get SALT Encoding   

  12  0:00  Probe  
  13  0:12  Probe  
  14  0:17  Pylon  
  14  0:24  Probe (Chrono Boost)  
  15  0:36  Gateway, Probe (Chrono Boost)  
  16  0:44  Probe (Chrono Boost)  
  16  0:45  Assimilator  
  17  0:51  Probe  
  17  0:54  Assimilator  
  18  1:03  Probe (Chrono Boost)  
  19  1:07  Gateway  
  20  1:12  Probe (Chrono Boost)  
  20  1:17  Probe (Chrono Boost)  
  20  1:23  Cybernetics Core  
  21  1:29  Probe  
  22  1:33  Pylon  
  22  1:41  Probe  
  23  1:53  Probe  
  24  1:58  Warp Gate (Chrono Boost)  
  24  2:00  Stalker  
  26  2:19  Nexus  
  28  2:23  Sentry  
  28  2:31  Pylon  
  28  2:34  Probe  
  29  2:41  Stalker  
  31  2:50  Sentry (Chrono Boost)  
  33  2:52  Shield Battery  
  33  2:56  Probe  
  34  3:09  Phoenix, Stalker (Chrono Boost)  
  36  3:14  Shield Battery  
  36  3:16  Probe  
  37  3:23  Twilight Council  
  37  3:33  Probe (Chrono Boost)  
  38  3:36  Probe (Chrono Boost)  
  37  3:42  Stalker x2  
  37  3:46  Probe (Chrono Boost)  
  37  3:47  Probe (Chrono Boost)  
  43  3:50  Probe (Chrono Boost)  
  43  3:54  Blink (Chrono Boost)  
  43  3:55  Probe  
  45  4:02  Probe  
  46  4:07  Probe  
  46  4:08  Stalker  
  48  4:16  Pylon  
  48  4:17  Stalker  
  48  4:20  Probe  
  48  4:22  Probe  
  51  4:26  Phoenix  
  51  4:32  Probe  
  51  4:34  Probe  
  51  4:35  Stalker  
  55  4:41  Pylon  
  55  4:44  Probe, Stalker  
  58  4:45  Phoenix  
  58  4:46  Probe  
  58  4:49  Robotics Facility  
  59  4:56  Probe  
  59  4:58  Probe  
  60  5:08  Probe  
  62  5:18  Nexus, Stalker  
  62  5:19  Stalker  
  62  5:21  Pylon  
  65  5:22  Probe  
  65  5:23  Probe  
  67  5:32  Assimilator  
  67  5:34  Probe  
  68  5:37  Observer (Chrono Boost)  
  68  5:41  Gateway  
  68  5:42  Gateway  
  69  5:43  Probe  
  69  5:46  Pylon  
  69  5:48  Stalker  
  72  5:54  Stalker  
  74  6:02  Pylon  
  74  6:05  Probe  
  74  6:06  Probe  
  74  6:08  Immortal (Chrono Boost)  
  76  6:12  Shield Battery  
  76  6:14  Stalker  
  76  6:18  Probe  
  83  6:19  Stalker  
  85  6:34  Probe x2 (Chrono Boost)  
  85  6:39  Probe (Chrono Boost)  
  88  6:42  Charge (Chrono Boost), Stalker x4  
  88  6:44  Probe x2 (Chrono Boost)  
  99  6:47  Probe (Chrono Boost)  
  97  6:54  Observer  
  97  6:55  Warp Prism, Probe  
  100  7:02  Forge  
  100  7:05  Stalker x2  
  104  7:12  Stalker x2  
  108  7:18  Probe  
  108  7:21  Pylon  
  109  7:25  Gateway  
  109  7:27  Gateway  
  109  7:32  Gateway  
  109  7:34  Gateway, Photon Cannon  
  109  7:42  Pylon  
  109  7:45  Protoss Ground Weapons Level 1 (Chrono Boost)  
  109  7:51  Pylon x2  
  109  7:59  Pylon  
  109  8:01  Zealot x3, Observer  
  116  8:06  Pylon  
  116  8:10  Pylon  
  116  8:12  Stalker  
  118  8:14  Dark Shrine  
  118  8:17  Probe  
  118  8:19  Pylon  
  119  8:21  Zealot x5  
  129  8:31  Stalker  
  129  8:32  Stalker  
  134  8:39  Nexus  
  132  8:53  Zealot  
  132  8:54  Zealot x5  
  144  9:00  Nexus  
  144  9:05  Probe  
  145  9:15  Zealot  
  145  9:16  Zealot x7  
  151  9:19  Observer  
  146  9:28  Probe  
  146  9:29  Probe  
  146  9:30  Probe  
  147  9:33  Photon Cannon  
  147  9:36  Dark Templar  
  149  9:40  Dark Templar x3, Probe  
  149  9:45  Zealot  
  158  9:49  Probe  
  151  9:57  Zealot x3  
  137  10:15  Zealot x5  
  137  10:16  Probe  
  137  10:19  Probe x2  
Show
View Real Time Build Order
Export as new Build Order

NightPhoenix Protoss 

Build Orders: Oracle Opening 

Get SALT Encoding   

  12  0:00  Probe  
  13  0:12  Probe  
  14  0:17  Pylon  
  14  0:24  Probe (Chrono Boost)  
  15  0:36  Probe (Chrono Boost)  
  15  0:37  Gateway  
  16  0:44  Probe (Chrono Boost)  
  16  0:46  Assimilator  
  17  0:51  Probe  
  17  0:56  Assimilator  
  18  1:03  Probe (Chrono Boost)  
  19  1:08  Gateway  
  19  1:13  Probe (Chrono Boost)  
  20  1:19  Probe (Chrono Boost)  
  20  1:25  Cybernetics Core  
  21  1:30  Probe  
  22  1:34  Pylon  
  22  1:42  Probe  
  23  1:55  Probe  
  24  2:02  Stalker x2  
  24  2:05  Warp Gate  
  24  2:07  Probe  
  29  2:18  Pylon  
  29  2:26  Stargate  
  29  2:41  Stalker x2  
  33  3:07  Nexus  
  33  3:09  Oracle (Chrono Boost)  
  36  3:23  Probe  
  36  3:24  Pylon  
  35  3:45  Probe  
  35  3:46  Oracle  
  39  3:52  Adept  
  39  3:53  Adept  
  43  3:58  Probe  
  44  4:07  Twilight Council  
  44  4:09  Gateway  
  44  4:10  Probe  
  45  4:22  Probe x2 (Chrono Boost)  
  45  4:34  Probe x2 (Chrono Boost)  
  45  4:38  Blink (Chrono Boost)  
  47  4:42  Probe x2 (Chrono Boost)  
  49  4:48  Probe x2  
  49  4:49  Shield Battery  
  51  4:55  Pylon  
  51  5:00  Probe x2  
  53  5:13  Nexus  
  53  5:15  Stalker  
  53  5:16  Stalker  
  53  5:17  Probe  
  53  5:18  Probe  
  59  5:23  Assimilator  
  59  5:30  Probe x2  
  59  5:33  Gateway  
  59  5:34  Gateway  
  61  5:40  Pylon  
  61  5:42  Probe  
  62  5:43  Probe  
  63  5:51  Pylon  
  63  5:54  Probe  
  63  5:55  Probe  
  63  6:00  Stalker x3  
  69  6:06  Probe  
  69  6:07  Probe  
  69  6:09  Forge  
  71  6:25  Stalker x3  
  77  6:27  Probe x3  
  77  6:28  Protoss Ground Weapons Level 1 (Chrono Boost)  
  80  6:34  Charge (Chrono Boost)  
  77  6:41  Gateway  
  77  6:42  Gateway x2  
  74  6:52  Probe x2  
  68  6:54  Stalker x2  
  68  6:56  Shield Battery  
  68  6:58  Stalker  
  68  7:01  Stalker  
  76  7:02  Probe  
  76  7:07  Stalker  
  76  7:08  Probe x2  
  81  7:15  Probe  
  82  7:18  Gateway  
  82  7:19  Gateway  
  82  7:21  Probe x2  
  84  7:29  Pylon  
  84  7:34  Probe x3  
  87  7:40  Stalker x2  
  87  7:42  Nexus  
  91  7:44  Pylon  
  91  7:48  Stalker x2  
  95  7:53  Stalker x2  
  95  7:57  Probe  
  95  7:58  Probe  
  101  8:00  Robotics Facility  
  101  8:03  Assimilator  
  101  8:06  Assimilator  
  101  8:10  Probe  
  101  8:11  Probe x2  
  104  8:16  Zealot x3  
  104  8:17  Zealot  
  112  8:21  Pylon  
  112  8:27  Probe  
  112  8:28  Probe  
  112  8:34  Stalker  
  116  8:39  Pylon  
  116  8:41  Pylon  
  116  8:44  Pylon  
  116  8:45  Photon Cannon  
  116  8:50  Observer (Chrono Boost)  
  116  8:52  Photon Cannon  
  117  8:55  Photon Cannon  
  117  8:59  Robotics Bay  
  109  9:03  Shield Battery, Zealot x2  
  109  9:04  Zealot x4  
  121  9:10  Observer (Chrono Boost)  
  121  9:13  Zealot x4  
  110  9:27  Stalker x2  
  110  9:28  Stalker x3  
  107  9:34  Stalker x2  
  107  9:35  Stalker  
  113  9:40  Stalker x2  
  112  9:47  Disruptor  
  112  9:49  Observer  
  111  9:53  Stalker x3  
  111  9:54  Sentry  
  111  9:55  Sentry  
  111  9:58  Sentry  
  123  10:01  Stalker  
  121  10:13  Stalker x3  
  118  10:16  Stalker  
  118  10:17  Stalker  
Tags
 
Add a new tag
Caveats
  • Supply blocks, unpowered buildings, or Contaminate may cause inaccurate times.
  • Supply counts are checked every 10 seconds.